 Dungeon Crawl Stone Soup version 0.27-a0-1154-gfdeffcb720 (webtiles) character file.

Game seed: 5207096370043533592

4412 wakim the Magician (level 10, -8/72 HPs)
             Began as a Djinni Conjurer on May 14, 2021.
             Was a Believer of Makhleb.
             Mangled by an orc warrior
             ... wielding a +0 war axe
              (16 damage)
             ... in a bailey.
             The game lasted 00:32:42 (10659 turns).

wakim the Magician (Djinni Conjurer)               Turns: 10659, Time: 00:32:43

Health: -8/72      AC:  6    Str:  6    XL:     10   Next: 62%
Gold:   170        EV: 13    Int: 23    God:    Makhleb [**....] SH:  5 Dex: 12

rFire    + + +     SeeInvis .   a - +3 dagger of the Past {vorpal, rF+}
rCold    x . .     Faith    .   (no shield)
rNeg     + . .     Spirit   .   j - +2 leather armour {rN+}
rPois    ∞         Reflect  +   m - +0 helmet
rElec    .         Harm     .   o - scarf {+Inv}
rCorr    .         Rampage  .   (no gloves)
Will     ++...                  (boots unavailable)
Stlth    +++.......             e - amulet of reflection
HPRegen  0.22/turn              g - ring of protection from fire
MPRegen  0.00/turn              n - ring of willpower

@: flying
A: sickness immunity, fire resistance 2, cold vulnerability 1, float, innate
caster, hp casting, extra vitality 1
a: Renounce Religion, Evoke Invisibility, Minor Destruction


You were in a bailey.
You worshipped Makhleb.
Makhleb was pleased with you.
You visited 2 branches of the dungeon, and saw 10 of its levels.
You also visited: Ossuary and Bailey.

You collected 317 gold pieces.
You spent 147 gold pieces at shops.

Inventory:

Hand Weapons
 a - the +3 dagger of the Past (weapon) {vorpal, rF+}
   (You bought it in a shop on level 6 of the Dungeon)

   It inflicts extra damage upon your enemies.
   It protects you from fire.
 x - a +3 scimitar
Missiles
 p - a throwing net {=f!f}
 t - 2 atropa-tipped darts (quivered)
Armour
 j - a +2 leather armour of positive energy (worn)
 m - a +0 helmet (worn)
 o - a scarf of invisibility (worn)
Magical Staves
 b - a staff of conjuration
Jewellery
 e - an amulet of reflection (around neck)
 g - a ring of protection from fire (left hand)
 n - a ring of willpower (right hand)
 A - the ring of Erphuu Gifeb {rF+ Will+ rCorr SInv}
   (You took it off a goblin in a bailey)

   [ring of resist corrosion]

   It protects you from fire.
   It lets you see invisible.
   It protects you from acid and corrosion.
   It increases your willpower.
Wands
 v - a wand of flame (21)
 w - a wand of acid (8)
 y - a wand of paralysis (5)
Scrolls
 r - 2 scrolls of identify
 s - 2 scrolls of enchant weapon
 u - 2 scrolls of enchant armour
 Q - 2 scrolls of immolation {!r!r}
 R - 3 scrolls of magic mapping {!r}
 T - 3 scrolls of teleportation
 V - 4 scrolls of vulnerability {!r!r}
 X - a scroll of fog
Potions
 c - 3 potions of attraction {unknown}
 d - 3 potions of ambrosia {unknown}
 f - 3 potions of flight {unknown}
 h - a potion of resistance {unknown}
 i - 2 potions of might {unknown}
 k - 2 potions of lignification {unknown}
 l - 2 potions of haste {unknown}
 q - a potion of berserk rage {unknown}
 z - a potion of cancellation {unknown}
 F - 3 potions of curing
 M - 3 potions of mutation {!q}


   Skills:
 + Level 6.3 Fighting
 + Level 7.4 Dodging
 - Level 5.1 Stealth
 * Level 7.8 Spellcasting
 + Level 4.3 Invocations


You couldn't memorise any spells.
You knew the following spells:

 Your Spells              Type           Power      Damage    Failure   Level
a - Magic Dart            Conj           100%       1d8       1%          1
b - Dazzling Flash        Conj/Hex       90%        N/A       1%          3
c - Freeze                Ice            100%       1d11      1%          1
d - Static Discharge      Conj/Air       45%        N/A       1%          2
e - Spider Form           Tmut/Pois      22%        N/A       1%          3
f - Cause Fear            Hex            22%        N/A       4%          4
s - Searing Ray           Conj           90%        3d6       1%          2
x - Iskenderun's Mystic   Conj/Tloc      45%        2d10      4%          4
z - Fulminant Prism       Conj/Hex       22%        3d13      4%          4
Your spell library was empty.

Dungeon Overview and Level Annotations

Branches:
Dungeon (9/15)             Temple (1/1) D:5         Ossuary (visited)
 Bailey (1/1)
   Lair: D:8-11         Orc: D:9-12

Altars:
Ashenzari
Cheibriados
Dithmenos
Elyvilon
Fedhas
Gozag
Hepliaklqana
Kikubaaqudgha
Makhleb
Okawaru
Qazlal
Ru
Sif Muna
Trog
Uskayaw
Vehumet
Xom
Yredelemnul
Zin
The Shining One

Shops:
D:4 :   D:6 (

Annotations:
D:3 dig


Innate Abilities, Weirdness & Mutations

You are immune to sickness and miasma.
You are immune to poison.
Your flesh is very heat resistant. (rF++)
You are vulnerable to cold. (rC-)
You float through the air rather than walking.
You learn spells naturally, not from books.
Your magical power is your life essence.
You have superior vitality. (+4 HP)


Message History

The hobgoblin hits you with a +0 hand axe.
* * * LOW HITPOINT WARNING * * *
The orc hits you with a +0 war axe.
* * * LOW HITPOINT WARNING * * *
You hit the orc.
You kill the orc!
Makhleb accepts your kill.
You feel better.
The hobgoblin hits you with a +0 hand axe!
* * * LOW HITPOINT WARNING * * *
The hobgoblin closely misses you.
Your fulminant prism crackles loudly.
You feel better.
The hobgoblin hits you with a +0 hand axe.
* * * LOW HITPOINT WARNING * * *
The orc warrior barely misses you. You block the hobgoblin's attack.
Your fulminant prism explodes!
The blast of energy engulfs the hobgoblin!!
You kill the hobgoblin!
Makhleb accepts your kill.
You feel better.
The blast of energy engulfs the hobgoblin!
You kill the hobgoblin!
Makhleb accepts your kill.
You feel better.
You hear a shout! x7
There is a fountain of clear blue water here.
Things that are here:
a +0 hand axe; a +0 leather armour
Casting: Fulminant Prism (dangerous; 4% risk of failure)
Confirm with . or Enter, or press ? or * to list all spells.
Aiming: Searing Ray (safe; 1% risk of failure)
Press: ? - help, Shift-Dir - straight line, f - orc warrior
Aim: an orc warrior, wielding a +0 war axe and wearing a +0 scale mail (77% to hit)
The searing ray hits the orc warrior!
The orc warrior is moderately wounded. (Press . to maintain the ray.)
* * * LOW HITPOINT WARNING * * *
The orc warrior hits you with a +0 war axe!
You die...

### .# ###.### ...#
###.....### .....
##.........##
...o..#...........#
....))))).........#
⌠....)#.)..@o.)...#
.g... #....)))).).#
.... #..)).......#
... ##....)))))###
♣♣ .o
###....)#)#.###
♣♣♣. .
###.###.....###♣.♣.
###.........##...
#...........#...
#...........'...


You could see an orc warrior.

Vanquished Creatures
  Pikel (D:4)
  An orc knight (Bailey)
  Eustachio (D:5)
  A steam dragon (D:3)
  Duvessa (D:4)
  7 orc warriors
  An ice beast (D:5)
  A black bear (D:6)
  2 necrophages
  3 ogres
  A centaur (D:8)
  4 lemures (D:4)
  A wyvern zombie (D:8)
  4 bullfrogs
  3 scorpions (D:5)
  Dowan (D:4)
  3 killer bees (D:8)
  3 wights (D:7)
  A howler monkey (D:8)
  4 hounds
  A centaur zombie (D:4)
  A human zombie (Ossuary)
  An orc priest (D:8)
  2 iguanas
  A bullfrog skeleton (D:5)
  A scorpion zombie (D:5)
  7 orc wizards
  Natasha (thrice) (D:2)
  2 killer bee zombies
  A hound zombie (D:5)
  4 mummies
  4 gnolls
  9 adders
  A shadow imp (D:7)
  2 ufetubi
  3 adder zombies (Ossuary)
  A worm (D:5)
  3 dart slugs
  28 orcs
  2 bats (D:1)
  3 endoplasms (D:3)
  2 giant cockroaches
  15 goblins
  14 hobgoblins
  3 jackals (D:4)
  2 quokkas
  5 ball pythons
  2 frilled lizards
  3 goblin zombies (Ossuary)
  2 hobgoblin zombies (Ossuary)
  6 kobolds
  3 kobold zombies (Ossuary)
  3 quokka zombies (Ossuary)
  7 rats
  3 rat zombies (Ossuary)
194 creatures vanquished.

Vanquished Creatures (others)
  A hobgoblin (D:3)
  12 fulminant prisms
13 creatures vanquished.

Grand Total: 207 creatures vanquished

Notes
Turn   | Place    | Note
-------+----------+-------------------------------------------
     0 | D:1      | wakim the Djinni Conjurer began the quest for the Orb.
     0 | D:1      | Reached XP level 1. HP: 15/15 MP: 0/0
   332 | D:1      | Reached XP level 2. HP: 21/22 MP: 0/0
   681 | D:1      | Reached XP level 3. HP: 22/26 MP: 0/0
   681 | D:1      | Learned a level 1 spell: Freeze
  1029 | D:2      | Reached skill level 1 in Fighting
  1343 | D:2      | Noticed Natasha
  1349 | D:2      | Killed Natasha
  1350 | D:2      | Reached XP level 4. HP: 27/32 MP: 0/0
  1499 | D:2      | Noticed Natasha
  1510 | D:2      | Killed Natasha
  2080 | D:2      | Noticed Natasha
  2084 | D:2      | Killed Natasha
  2085 | D:2      | Reached XP level 5. HP: 32/38 MP: 0/0
  2085 | D:2      | Learned a level 2 spell: Static Discharge
  2549 | D:3      | Noticed a steam dragon
  2550 | D:3      | Found a faded altar of an unknown god.
  2559 | D:3      | Killed a steam dragon
  2560 | D:3      | Reached XP level 6. HP: 21/44 MP: 0/0
  3119 | D:3      | Found a glowing silver altar of Zin.
  3145 | D:4      | Found Naurrin's Book Emporium.
  3145 | D:4      | Noticed Dowan
  3145 | D:4      | Noticed a necrophage
  3145 | D:4      | Noticed an ogre
  3146 | D:4      | Noticed Duvessa
  3477 | D:4      | Reached XP level 7. HP: 45/49 MP: 0/0
  3477 | D:4      | Learned a level 3 spell: Spider Form
  3846 | D:4      | Killed Duvessa
  3854 | D:4      | Killed Dowan
  3855 | D:4      | Reached skill level 5 in Spellcasting
  4025 | D:4      | Reached XP level 8. HP: 51/56 MP: 0/0
  4321 | D:4      | Noticed Pikel
  4454 | D:4      | Killed Pikel
  4455 | D:4      | Reached skill level 5 in Dodging
  4896 | D:5      | Entered Level 5 of the Dungeon
  5006 | D:5      | Found a staircase to the Ecumenical Temple.
  5018 | D:5      | Noticed Eustachio
  5021 | Temple   | Entered the Ecumenical Temple
  5139 | Temple   | Became a worshipper of Makhleb the Destroyer
  5181 | D:5      | Killed Eustachio
  5182 | D:5      | Reached XP level 9. HP: 44/63 MP: 0/0
  5182 | D:5      | Learned a level 4 spell: Cause Fear
  5350 | D:5      | Reached skill level 1 in Invocations
  6560 | D:6      | Found a shadowy altar of Dithmenos.
  6568 | D:6      | Reached skill level 5 in Stealth
  6571 | D:6      | Reached skill level 5 in Fighting
  6923 | D:6      | Found Exuochid's Antique Weapon Boutique.
  6931 | D:6      | Bought an ancient dagger for 147 gold pieces
  6931 | D:6      | Identified the +3 dagger of the Past {vorpal, rF+} (You
                  | bought it in a shop on level 6 of the Dungeon)
  7891 | D:7      | Reached * piety under Makhleb
  7938 | D:7      | Found a sand-covered staircase.
  7946 | Ossuary  | Entered an ossuary
  8343 | Ossuary  | Identified a scroll of acquirement
  8343 | Ossuary  | Acquired a staff of conjuration
  8523 | D:7      | Found an iron altar of Okawaru.
  9068 | D:7      | Reached XP level 10. HP: 66/70 MP: 0/0
  9667 | D:8      | Reached ** piety under Makhleb
 10296 | D:9      | Found a flagged portal.
 10316 | Bailey   | Entered a bailey
 10549 | Bailey   | Noticed an orc knight
 10609 | Bailey   | Killed an orc knight
 10614 | Bailey   | Identified the ring of Erphuu Gifeb {rF+ Will+ rCorr SInv}
 10659 | Bailey   | Mangled by an orc warrior

Illustrated notes

Levels and vault maps discovered:
D:1:      scummos_arrival_forest, layout_loops_cross, serial_glass,
          glass_columns_a, glass_columns_b
D:2:      layout_loops_ring, basic_altar, minmay_bisected, uniq_natasha
D:3:      layout_loops_ring, zin_scriptorium, ebering_ecumenical_altar_petrified
D:4:      layout_loops_ring, serial_shops, shop, uniq_pikel, uniq_duvessa
D:5:      layout_gridville, minmay_temple_entry_ruins, uniq_eustachio
D:6:      layout_cave_pods, lemuel_tele_altar, serial_shops, shop,
          chequers_serial_rivers_micro_b, ebering_dispersal_statue_hall
D:7:      layout_loops_ring, chequers_temple_overflow_statue_of_worship,
          gup_ossuary_entry_pyramid, minmay_misc_feat_nine_boxes,
          hangedman_decor_peaks_small, roderic_serpentine_path
D:8:      layout_basic, amcnicky_mini_pool_small, hex_large
D:9:      layout_basic, jmf_multi_god_temple, enter_bailey_4, serial_shops,
          shop_statue, sword_in_stone, uniq_joseph
Temple:   lightli_temple_of_artemis
Bailey:   bailey_axe_minmay_hex_keep, bailey

Skill      XL: |  1  2  3  4  5  6  7  8  9 10 |
---------------+-------------------------------+-----
Fighting       | 1 2 3 4 5 6 |  6.3
Stealth        | 2 3 4 5 |  5.1
Dodging        | 3 4 5 6 7 |  7.4
Spellcasting   | 4 5 6 7 |  7.8
Invocations    | 3 4 |  4.3

Action                   |  1- 3 |  4- 6 |  7- 9 | 10-12 || total
-------------------------+-------+-------+-------+-------++-------
Melee: Mace              |     2 |       |       |       ||     2
       Dagger            |       |       |     2 |     9 ||    11
       Staff             |       |       |       |     2 ||     2
 Cast: Magic Dart        |    30 |    32 |    29 |     1 ||    92
       Searing Ray       |     7 |    20 |    63 |    30 ||   120
       Iskenderun's Myst |       |       |     5 |     5 ||    10
       Fulminant Prism   |       |       |     8 |     4 ||    12
       Static Discharge  |       |       |     2 |       ||     2
Evoke: Wand              |       |       |     3 |       ||     3
  Use: Scroll            |     2 |     4 |    10 |       ||    16
       Potion            |       |       |       |     1 ||     1
Armor: Robe              |     2 |       |       |       ||     2
       Leather armour    |       |     2 |    14 |     6 ||    22
Dodge: Dodged            |     7 |     8 |    36 |    23 ||    74
Block: Other             |       |     4 |    13 |     7 ||    24
       Reflection        |       |       |       |     1 ||     1

Table legend: (Time is in decaauts)
 A = Elapsed time spent in this place.
 B = Non-inter-level travel time spent in this place.
 C = Inter-level travel time spent in this place.
 D = Time resting spent in this place.
 E = Time spent auto-exploring this place.
 F = Levels seen in this place.
 G = Mean time per level.
                   A        B        C        D        E       F      G
               +--------+--------+--------+--------+--------+-----+--------+
         Total |  10665 |  10252 |    413 |    657 |   8308 |  12 |  888.8 |
       Dungeon |   9773 |   9385 |    388 |    567 |   7845 |   9 | 1085.9 |
        Temple |    144 |    119 |     25 |      0 |     95 |   1 |  144.0 |
       Ossuary |    404 |    404 |      0 |     43 |    215 |   1 |  404.0 |
        Bailey |    342 |    342 |      0 |     47 |    153 |   1 |  342.0 |
               +--------+--------+--------+--------+--------+-----+--------+

Top non-repeatable levels by time:
     D:4: 1539 daAuts
     D:5: 1433 daAuts
     D:2: 1277 daAuts
     D:6: 1222 daAuts
     D:3: 1155 daAuts
     D:7: 1153 daAuts
     D:8: 1002 daAuts
     D:1: 935 daAuts
 Ossuary: 404 daAuts
  Bailey: 342 daAuts
  Temple: 144 daAuts
     D:9: 55 daAuts
